 Dungeon Crawl Stone Soup version 0.31.0-11-ge490571c62 (webtiles) character file.

Game seed: 14974561983508582722

630 Silvore the Slasher (level 7, -1/53 HPs)
             Began as a Demonspawn Fighter on Feb 8, 2024.
             Was an Initiate of Okawaru.
             Slain by an orc
             ... wielding a +2 flail of protection
              (6 damage)
             ... on level 5 of the Dungeon.
             The game lasted 00:06:17 (4096 turns).

Silvore the Slasher (Demonspawn Fighter)            Turns: 4096, Time: 00:06:17

Health: -1/53      AC:  8    Str: 18    XL:     7   Next: 24%
Magic:  7/7        EV:  6    Int:  8    God:    Okawaru [......]
Gold:   277        SH: 12    Dex: 13    Spells: 6/6 levels left

rFire   . . .        a - +1 long sword
rCold   . . .        p - +0 tower shield
rNeg    + . .        b - +1 scale mail
rPois   .            (helmet restricted)
rElec   .            (no cloak)
rCorr   +            (no gloves)
SInv    .            (no boots)
Will    .....        (no amulet) Stlth
                     g - ring of positive energy
HPRegen 0.28/turn    l - ring of resist corrosion
MPRegen 0.10/turn

%: no passive effects
@: no status effects
A: horns 1, (demonic guardian 1)
a: Renounce Religion


You were on level 5 of the Dungeon.
You worshipped Okawaru.
Okawaru was noncommittal.
You visited 2 branches of the dungeon, and saw 6 of its levels.

You collected 277 gold pieces.

Inventory:

Hand Weapons
 a - a +1 long sword (weapon)
Armour
 b - a +1 scale mail (worn)
 c - a +0 buckler
 p - a +0 tower shield (worn)
Jewellery
 g - a ring of positive energy (left hand)
 l - a ring of resist corrosion (right hand)
Wands
 h - a wand of paralysis (5)
Scrolls
 f - 2 scrolls of teleportation
Potions
 d - a potion of might
 e - a potion of invisibility {unknown}
 i - a potion of ambrosia {unknown}
 j - 2 potions of lignification
 k - 3 potions of curing
 n - a potion of degeneration {unknown}
 o - a potion of mutation {unknown}
 q - a potion of heal wounds {unknown}


   Skills:
 + Level 3.8 Fighting
 + Level 5.3 Long Blades
 + Level 4.1 Armour
 + Level 1.9 Dodging
 + Level 0.2 Stealth
 + Level 3.5 Shields


You had 6 spell levels left.
You didn't know any spells.
Your spell library contained the following spells:

 Spells                   Type           Power      Damage    Failure   Level
 Fugue of the Fallen      Necr           0%         N/A       100%        3
 Ozocubu's Armour         Ice            0%         N/A       100%        3
 Sigil of Binding         Hex            0%         N/A       100%        3
 Dimensional Bullseye     Hex/Tloc       0%         N/A       100%        4
 Iskenderun's Mystic Bla  Conj/Tloc      0%         2d3       100%        4
 Manifold Assault         Tloc           0%         N/A       100%        4
 Call Canine Familiar     Summ           Unusable   N/A       N/A         3
 Tukima's Dance           Hex            Unusable   N/A       N/A         3

Dungeon Overview and Level Annotations

Branches:
Dungeon (5/15)             Temple (1/1) D:4

Altars:
Ashenzari
Dithmenos
Fedhas
Gozag
Hepliaklqana
Kikubaaqudgha
Okawaru
Trog
Uskayaw
Wu Jian
Xom

Annotations:
D:4 2 transporters, yey's ghost, novice AtFi


Innate Abilities, Weirdness & Mutations

You have a pair of small horns on your head.
((A weak demonic guardian rushes to your aid.))


Message History

The orc hits you with a +2 flail of protection.
You block the orc's attack.
The orc warrior hits you but does no damage.
You block the orc wizard's attack.
The orc hits you from afar with a +0 trident.
You block the orc warrior's attack.
You slash the orc wizard!
You kill the orc wizard!
Okawaru accepts your kill. You block the orc's attack. x2
The orc warrior hits you with a +0 war axe!
You block the orc's attack.
The orc hits you from afar with a +0 trident.
Things that are here:
a +0 dagger; a +0 robe You barely miss the orc.
Your headbutt misses the orc. You block the orc warrior's attack.
The orc hits you with a +2 flail of protection.
The orc hits you from afar with a +0 trident.
You block the orc warrior's attack.
You hit the orc warrior but do no damage.
The orc hits you with a +2 flail of protection.
The orc warrior hits you with a +0 war axe!
* * * LOW HITPOINT WARNING * * *
The orc barely misses you. You block the orc's attack.
You barely miss the orc warrior. You block the orc warrior's attack.
The orc barely misses you. You block the orc's attack.
The orc warrior hits you but does no damage.
You block the orc's attack.
Unknown command.
You see here an amulet of faith.
You completely miss the orc.
The orc hits you with a +2 flail of protection!
* * * LOW HITPOINT WARNING * * *
The orc attacks as it pursues you! The orc hits you but does no damage.
Okay, then.
The orc attacks as it pursues you! You block the orc's attack.
The orc attacks as it pursues you!
The orc hits you with a +2 flail of protection.
You die...

#.# #..# ##.# #..# .###
##..##### #..# |..#
...#...#...########..#
$..88
.8...8...8..#........#
##.#...
...#...#.............#
...((
..###.###............##..#
.. #...#(..##.######o#.)#
. ...8...8......@o.o").##
..#...#...#..#####o.###
#.###.###...............
.. #.. ...##############
.. ..8.#


You could see an orc warrior and 3 orcs.

Vanquished Creatures
  2 scorpions
  A bombardier beetle (D:4)
  An orc priest (D:4)
  3 orc wizards
  6 gnolls
  5 adders
  3 dart slugs
  2 ribbon worms
  4 orcs
  9 ball pythons
  2 bats
  8 endoplasms
  5 giant cockroaches
  4 goblins
  8 hobgoblins
  10 kobolds
  2 quokkas
  5 frilled lizards
  9 rats
89 creatures vanquished.

Vanquished Creatures (collateral kills)
  A scorpion (D:4)
  3 iguanas
  2 gnolls (D:3)
  2 adders (D:3)
  An endoplasm (D:2)
  A goblin (D:3)
10 creatures vanquished.

Vanquished Creatures (others)
  A rat (D:2)
1 creature vanquished.

Grand Total: 100 creatures vanquished

Notes
Turn   | Place    | Note
-------+----------+-------------------------------------------
     0 | D:1      | Silvore the Demonspawn Fighter began the quest for the Orb.
     0 | D:1      | Reached XP level 1. HP: 18/18 MP: 1/1
   392 | D:1      | Found a faded altar of an unknown god.
   440 | D:1      | Gained mutation: A weak demonic guardian rushes to your
                  | aid. [demonic ancestry]
   440 | D:1      | Reached XP level 2. HP: 15/24 MP: 2/2
  1098 | D:1      | Reached skill level 2 in Long Blades
  1270 | D:2      | Reached XP level 3. HP: 18/29 MP: 3/3
  1632 | D:2      | Reached skill level 1 in Dodging
  1655 | D:2      | Reached XP level 4. HP: 35/35 MP: 4/4
  2218 | D:3      | Reached XP level 5. HP: 41/41 MP: 5/5
  2250 | D:3      | Reached skill level 3 in Long Blades
  2712 | D:4      | Found an opulent altar of Gozag.
  2728 | D:4      | Reached skill level 4 in Long Blades
  2730 | D:4      | Gained mutation: You have a pair of small horns on your
                  | head. [demonic ancestry]
  2730 | D:4      | Reached XP level 6. HP: 17/47 MP: 6/6
  3026 | D:3      | Reached skill level 5 in Long Blades
  3376 | D:4      | Found a transporter.
  3380 | D:4      | Noticed yey's ghost (novice AtFi)
  3383 | D:4      | Found a transporter.
  3419 | D:4      | Found a staircase to the Ecumenical Temple.
  3429 | Temple   | Entered the Ecumenical Temple
  3475 | Temple   | Became a worshipper of Warmaster Okawaru
  3695 | D:4      | Reached XP level 7. HP: 34/53 MP: 7/7
  3944 | D:5      | Entered Level 5 of the Dungeon
  4096 | D:5      | Slain by an orc

Illustrated notes

Levels and vault maps discovered:
D:1:      onia_arrival_mini_spirals, layout_basic,
          chequers_ecumenical_altar_grove
D:2:      layout_rooms, st_stairs_2
D:3:      layout_loops_cross, kennysheep_generic_room_11
D:4:      layout_loops_ring, mainiacjoe_overflow_chevrons,
          minmay_temple_entry_hall, gammafunk_ghost_mausoleum
D:5:      layout_basic, kennysheep_slug_shrine, serial_shops, shop,
          minmay_door_square, minmay_misc_feat_four_crosses,
          guppyfry_early_orc_mine, uniq_edmund, uniq_blork_the_orc
Temple:   oiseaux_autumnal_temple

Skill      XL: |  1  2  3  4  5  6 |
---------------+-------------------+-----
Shields        | 3 |  3.5
Long Blades    | 2 4 5 |  5.3
Dodging        | 1 |  1.9
Armour         | 3 4 |  4.1
Fighting       | |  3.8
Stealth        | |  0.2

Action                     |  1- 3 |  4- 6 |  7- 9 || total
---------------------------+-------+-------+-------++-------
  Melee: Long sword        |   149 |   180 |    20 ||   349
         Headbutt          |       |    15 |     1 ||    16
    Use: Scroll            |     3 |     5 |     1 ||     9
 Armour: Scale mail        |   113 |   112 |    26 ||   251
  Dodge: Dodged            |    82 |    74 |     7 ||   163
  Block: Buckler           |    41 |    28 |       ||    69
         Tower shield      |       |       |    33 ||    33
